 Dungeon Sprint DCSS version 0.24-a0-251-g44e327ef01 (webtiles) character file.

Game seed: 17245260636244194435

133 Redear the Ruffian (level 4, -9/49 HPs)
             Began as a Troll Fighter on Apr 16, 2019.
             Killed from afar by a deep elf mage (21 damage)
             ... with a stone arrow
             ... in the Dungeon (Sprint III: "The Ten Rune Challenge").
             The game lasted 00:01:40 (162 turns).

Redear the Ruffian (Troll Fighter)                   Turns: 162, Time: 00:01:40

Health: -9/49      AC:  6    Str: 24    XL:     4   Next: 93%
Magic:  3/3        EV: 10    Int:  5    God:
Gold:   22         SH:  9    Dex:  9    Spells: 3/3 levels left

rFire    . . .     SeeInvis .     - Unarmed
rCold    . . .     Gourm    +   b - +0 shield
rNeg     . . .     Faith    .   a - +0 robe
rPois    .         Spirit   .   (helmet restricted)
rElec    .         Reflect  .   (no cloak)
rCorr    .         Harm     .   (gloves unavailable)
MR       .....     NoTele   +   (boots unavailable)
Stlth    +.........             (no amulet)
HPRegen  0.56/turn              (no ring)
MPRegen  0.08/turn              (no ring)

@: hasted, very quick
A: large, unfitting armour, claws 3, fast metabolism 3, gourmand, regeneration
1, shaggy fur 1, tough skin 3
a: no special abilities


You were in the Dungeon.
You were not hungry.

You visited 1 branch You collected 22 gold pieces.

Inventory:

Armour
 a - a +0 robe (worn)
 b - a +0 shield (worn)
Scrolls
 e - a scroll of holy word {unknown}
 g - 4 scrolls of identify
 j - a scroll of immolation {unknown}
 k - a scroll of remove curse {unknown}
 B - a scroll of blinking {@r4}
Potions
 c - a potion of might {Str+5 DMG+1d10 | @q3}
 d - 4 potions of mutation {unknown}
 f - a potion of heal wounds {@q1}
 h - 3 potions of magic
 i - a potion of berserk rage
 l - 2 potions of flight
 Q - a potion of curing {@q2}
Comestibles
 z - 4 rations


   Skills:
 + Level 4.7 Fighting
 + Level 4.7 Dodging
 + Level 4.7 Shields
 + Level 5.2 Unarmed Combat


You had 3 spell levels left.
You didn't know any spells.
Your spell library was empty.

Dungeon Overview and Level Annotations

Branches:
Dungeon (1/1)

Altars:
Elyvilon
Zin
The Shining One


Innate Abilities, Weirdness & Mutations

You are too large for most types of armour.
You have claws for hands.
Your metabolism is lightning-fast.
You like to eat raw meat.
Your natural rate of healing is unusually fast.
You are covered in fur. (AC +1)
You have extremely tough skin. (AC +3)


Message History

You claw the deep elf mage!
The deep elf mage is almost dead.
You closely miss the deep elf mage.
The deep elf mage is almost dead.
The deep elf mage casts a spell.
You miss the deep elf mage.
The deep elf mage is almost dead.
You closely miss the deep elf mage.
The deep elf mage is almost dead.
The deep elf mage mumbles some strange words.
You completely miss the deep elf mage.
The deep elf mage is almost dead.
You block the earth elemental's attack. The earth elemental hits you!
* * * LOW HITPOINT WARNING * * *
You take 9 damage, and have 12/49 hp.
You barely miss the deep elf mage.
The deep elf mage is almost dead.
The deep elf mage points at you and mumbles some strange words.
The stone arrow hits you!!
You die...

▓▓▓▓▓▓▓ ▓▓▓ ..'...♣♣♣♣
♣.##### ..#....♣.♣
♣♣.#E§_# ###.....♣
..#e@E#
..#....≈♣♣♣♣♣.###E#+###+
..#...≈≈.♣.♣..#..........
.(#..≈≈≈≈.♣♣♣.'.⌠........
#'#..≈≈≈≈≈≈♣♣.#...######+
†.#.≈≈≈≈≈≈....#.⌠.#
..#.≈≈≈≈≈.....#...#
..#.≈≈≈.......#+###
###...........#


You could see 3 earth elementals and a deep elf mage.

Vanquished Creatures
  A water elemental (D)
  A scorpion (D)
  A human (D)
  An ooze (D)
  3 rats (D)
7 creatures vanquished.

Vanquished Creatures (others)
  6 hellions (D)
  A yaktaur (D)
7 creatures vanquished.

Grand Total: 14 creatures vanquished

Notes
Turn   | Place    | Note
-------+----------+-------------------------------------------
     0 | D        | Redear the Troll Fighter began the quest for the Orb.
     0 | D        | Reached XP level 1. HP: 22/22 MP: 0/0
    66 | D        | Killed a yaktaur
    69 | D        | Reached skill level 3 in Fighting
    69 | D        | Reached skill level 3 in Dodging
    69 | D        | Reached skill level 3 in Shields
    69 | D        | Reached skill level 3 in Unarmed Combat
    69 | D        | Reached XP level 2. HP: 12/31 MP: 1/1
    81 | D        | Killed a hellion
    81 | D        | Killed a hellion
    82 | D        | Killed a hellion
    90 | D        | Noticed a scorpion
   103 | D        | Killed a scorpion
   103 | D        | Reached skill level 4 in Fighting
   103 | D        | Reached skill level 4 in Dodging
   103 | D        | Reached skill level 4 in Shields
   103 | D        | Reached skill level 4 in Unarmed Combat
   103 | D        | Reached XP level 3. HP: 20/39 MP: 2/2
   103 | D        | Reached XP level 4. HP: 25/48 MP: 3/3
   120 | D        | Killed a hellion
   121 | D        | Killed a hellion
   122 | D        | Killed a hellion
   137 | D        | Noticed a water elemental
   142 | D        | Killed a water elemental
   142 | D        | Reached skill level 5 in Unarmed Combat
   145 | D        | Found a glowing silver altar of Zin.
   146 | D        | Found a glowing golden altar of the Shining One.
   146 | D        | Found a white marble altar of Elyvilon.
   146 | D        | Noticed a deep elf mage
   159 | D        | Noticed an earth elemental
   159 | D        | Noticed an earth elemental
   161 | D        | Noticed an earth elemental
   161 | D        | Noticed an earth elemental
   162 | D        | Killed from afar by a deep elf mage

Levels and vault maps discovered:
D:        dungeon_sprint_mu [sprint_mu_entry_forest, sprint_mu_temple_rooms,
          sprint_mu_d1_spiders, sprint_mu_d2_genie, sprint_mu_d3_branching,
          sprint_mu_orc_legion, sprint_mu_elf_gauntlet, sprint_mu_hive_nellie,
          sprint_mu_lair_fedhas, sprint_mu_vaults_butterflies,
          sprint_mu_slime_circle, sprint_mu_swamp_cave, sprint_mu_shoals_archi,
          sprint_mu_blade_basic, sprint_mu_crypt_fortress,
          sprint_mu_tomb_spiral, sprint_mu_vestibule_basic,
          sprint_mu_gehenna_hellfire, sprint_mu_dis_giant,
          sprint_mu_tartarus_statrot, sprint_mu_cocytus_islands, sprint_mu_zot1]

Skill      XL: |  1  2  3  4 |
---------------+-------------+-----
Fighting       | 3 4 |  4.7
Dodging        | 3 4 |  4.7
Shields        | 3 4 |  4.7
Unarmed Combat | 3 4 5 |  5.2

Action                   |  1- 3 |  4- 6 || total
-------------------------+-------+-------++-------
Melee: Unarmed           |    37 |    18 ||    55
  Use: Potion            |       |     1 ||     1
  Eat: Chunk             |     2 |       ||     2
Armor: Robe              |     5 |       ||     5
Dodge: Dodged            |    11 |     3 ||    14
Block: Shield            |    12 |     6 ||    18

Table legend:
 A = Non-vault XP
 B = Vault XP
 C = Vault XP percentage of total XP
 D = Non-vault monster count
 E = Vault monster count
 F = Vault count percentage of total count
                 A         B        C        D         E       F
            +---------+---------+-------+---------+---------+-------
      Total |       0 |     190 | 100.0 |       0 |       7 | 100.0
            +---------+---------+-------+---------+---------+-------
          D |       0 |     190 | 100.0 |       0 |       7 | 100.0
            +---------+---------+-------+---------+---------+-------
